 Dungeon Crawl Stone Soup version 0.21.0-3-g78d12a8 (webtiles) character file.

16652 Dfrag the Destroyer (level 12, -14/74 HPs)
             Began as a Demonspawn Fire Elementalist on Jan 10, 2018.
             Was a Priest of Vehumet.
             Killed from afar by a deep troll earth mage (16 damage)
             ... with a blast of rock fragments
             ... on level 12 of the Dungeon.
             The game lasted 00:27:01 (12268 turns).

Dfrag the Destroyer (Demonspawn Fire Elementalist) Turns: 12268, Time: 00:27:02

Health: -14/74     AC:  9    Str:  8    XL:     12   Next: 11%
Magic:  0/26       EV: 12    Int: 20    God:    Vehumet [***...]
Gold:   109        SH:  0    Dex: 14    Spells: 14/32 levels left

rFire    + . .     SeeInvis .   n - +2 long sword (slice)
rCold    + . .     Gourm    .   (no shield)
rNeg     . . .     Faith    .   W - +2 robe {rC+}
rPois    .         Spirit   +   (no helmet)
rElec    .         Reflect  .   R - scarf {cloud immunity}
rCorr    .         Harm     .   h - +0 pair of gloves {archery}
MR       .....                  (no boots)
Stlth    ++........             (no amulet)
HPRegen  0.22/turn              e - +2 ring of protection
MPRegen  0.40/turn              a - ring of fire

@: about to teleport, very slightly contaminated
A: talons 2, yellow scales 1, cold resistance 1, weak 1, magic shield, magic
regeneration, magic link
a: Renounce Religion


You were on level 12 of the Dungeon.
You worshipped Vehumet.
Vehumet was most pleased with you.
You were not hungry.

You visited 2 branches of the dungeon, and saw 13 of its levels.
You also visited: Labyrinth.

You collected 484 gold pieces.
You spent 375 gold pieces at shops.

Inventory:

Hand Weapons
 n - a +2 long sword of slicing (weapon)
 p - a +0 dire flail of protection
Armour
 h - a +0 pair of gloves of archery (worn)
 t - the +0 helmet of Romm {*Slow rPois rF+}
   (You found it on level 4 of the Dungeon)

   It protects you from fire.
   It protects you from poison.
   It may slow you when you take damage.
 P - quicksilver dragon scales
 R - a scarf of cloud immunity (worn)
 W - a +2 robe of cold resistance (worn)
Magical Staves
 B - an uncursed staff of wizardry
 V - an uncursed staff of earth
Jewellery
 a - a ring of fire (right hand)
 e - a +2 ring of protection (left hand)
 g - an uncursed ring of stealth
 k - an uncursed ring of protection from magic
 l - an uncursed ring of resist corrosion
 J - an uncursed ring of see invisible
Wands
 i - a wand of digging (6)
 x - a wand of polymorph (21)
 C - a wand of acid (9)
 D - a wand of paralysis (14)
 E - a wand of enslavement (20)
 G - a wand of flame (39)
 H - a wand of random effects (42)
 K - a wand of disintegration (12)
 N - a wand of iceblast (6)
Scrolls
 d - a scroll of remove curse
 j - 3 scrolls of enchant armour
 m - 6 scrolls of teleportation
 o - a scroll of fog
 s - a scroll of magic mapping
 v - 2 scrolls of enchant weapon {unknown}
 M - 2 scrolls of identify
 Q - a scroll of summoning {unknown}
 S - a scroll of silence {unknown}
 T - 2 scrolls of brand weapon {unknown}
 Y - a scroll of amnesia {unknown}
Potions
 f - 3 potions of haste
 w - a potion of lignification {unknown}
 z - 2 potions of agility
 A - a potion of heal wounds
 I - 3 potions of flight {unknown}
 L - a potion of berserk rage {unknown}
 U - a potion of curing
Books
 b - a book of Flames

   Spells                             Type                      Level
   a - Flame Tongue                   Conjuration/Fire             1
   b - Throw Flame                    Conjuration/Fire             2
   c - Conjure Flame                  Conjuration/Fire             3
   d - Inner Flame                    Hexes/Fire                   3
   e - Sticky Flame                   Conjuration/Fire             4
   f - Fireball                       Conjuration/Fire             5
 q - a book of Cantrips

   Spells                             Type                      Level
   a - Confusing Touch                Hexes                        1
   b - Animate Skeleton               Necromancy                   1
   c - Summon Small Mammal            Summoning                    1
   d - Apportation                    Translocation                1
 y - a Young Poisoner's Handbook

   Spells                             Type                      Level
   a - Sting                          Conjuration/Poison           1
   b - Poisonous Vapours              Poison/Air                   2
   c - Mephitic Cloud                 Conjuration/Poison/Air       3
   d - Olgreb's Toxic Radiance        Poison                       4
   e - Venom Bolt                     Conjuration/Poison           5
 F - a book of Maledictions

   Spells                             Type                      Level
   a - Corona                         Hexes                        1
   b - Ensorcelled Hibernation        Hexes/Ice                    2
   c - Confuse                        Hexes                        3
   d - Tukima's Dance                 Hexes                        3
   e - Dazzling Spray                 Conjuration/Hexes            3
 O - a book of Changes

   Spells                             Type                      Level
   a - Beastly Appendage              Transmutation                1
   b - Sticks to Snakes               Transmutation                2
   c - Spider Form                    Transmutation/Poison         3
   d - Ice Form                       Ice/Transmutation            4
   e - Blade Hands                    Transmutation                5
Comestibles
 c - 19 rations


   Skills:
 - Level 1.7 Dodging
 - Level 1.7 Stealth
 + Level 10.8 Spellcasting
 + Level 11.5 Conjurations
 + Level 10.9 Fire Magic


You had 14 spell levels left.
You knew the following spells:

 Your Spells              Type           Power        Failure   Level  Hunger
a - Flame Tongue          Conj/Fire      #####        1%          1    None
b - Conjure Flame         Conj/Fire      ######..     1%          3    None
c - Sticky Flame          Conj/Fire      ######..     1%          4    ##.....
d - Fireball              Conj/Fire      ######....   1%          5    ####...
e - Venom Bolt            Conj/Pois      ####......   4%          5    ####...


Dungeon Overview and Level Annotations

Branches:
Dungeon (12/15)            Temple (1/1) D:5            Lair (0/6) D:11
    Orc (0/2) D:11

Altars:
Cheibriados
Dithmenos
Elyvilon
Fedhas
Hepliaklqana
Kikubaaqudgha
Makhleb
Okawaru
Qazlal
Ru
Sif Muna
Trog
Uskayaw
Vehumet
Wu Jian
Xom
Yredelemnul
Zin
The Shining One

Shops:
D:11 =

Annotations:
D:10 rcreutzb's ghost, journeyman GrEE


Innate Abilities, Weirdness & Mutations

You have razor-sharp toenails.
You are partially covered in yellow scales. (AC +2)
Your flesh is cold resistant. (rC+)
When hurt, damage is shared between your health and your magic reserves.
You regenerate magic rapidly.
When low on magic, you restore magic in place of health.
You are weak. (Str -2)


Message History

You feel much better.
The deep troll earth mage points at you and mumbles some strange words.
The wall shatters!
The blast of rock fragments hits you!
* * * LOW HITPOINT WARNING * * *
You feel much better.
The deep troll earth mage casts a spell at the slime creature.
The wall shatters!
The blast of rock fragments hits the slime creature.
The blast of rock fragments hits you!
* * * LOW HITPOINT WARNING * * *
You hear a bellow!
You hear an angry hiss.
You hear a shout!
Blink to where?
Press: ? - help, Dir - move target cursor You are very lightly contaminated with residual magic.
As you read the scroll of blinking, it crumbles to dust.
You hear a grinding noise.
As you read the scroll labeled PEH HEFOAT, it crumbles to dust.
You feel strangely unstable.
It was a scroll of teleportation.
The wall shatters!
The blast of rock fragments hits you!
You die...

#.....# ### #.#
###...####.## #.#
..<.........####.#
####.###.........#
#.# ##...###### #.#
##.## #.# ### #.#
########### #.#
#......@..# #.#
#.#######.# #.# #.#
#.# ###.#####.#####
#.# ##..........(..#
#.#
......####.###.###H#
##.....# #....†.J..#
##...## ####...##.#
##.## ##... #.#


There were no monsters in sight!

Vanquished Creatures
  A minotaur (Lab)
  A centaur warrior (D:12)
  2 two-headed ogres (D:12)
  An unseen horror (D:12)
  A manticore (D:11)
  2 ugly things (D:12)
  Joseph (D:9)
  2 centaur zombies
  The ghost of terra52 the Charmwright, a novice DsSk of Gozag (D:5)
  3 kobold demonologists (D:12)
  2 trolls
  Prince Ribbit (D:5)
  5 hippogriffs
  Sigmund (D:3)
  8 yaks
  A wyvern (D:11)
  A wraith (D:12)
  Eustachio (D:5)
  3 vampire mosquitoes (D:12)
  A hungry ghost (D:9)
  Menkaure (D:4)
  Edmund (D:3)
  2 water moccasins
  2 porcupines (D:11)
  A sky beast (D:12)
  5 orc warriors
  5 ogres
  4 ice beasts
  2 necrophages
  3 centaurs
  Blork the orc (D:6)
  9 bullfrogs
  5 big kobolds
  6 gnoll sergeants
  A wyvern zombie (D:7)
  A water moccasin zombie (D:11)
  A wyvern skeleton (D:12)
  4 scorpions
  4 wights (D:7)
  9 killer bees (D:10)
  3 howler monkeys
  A bullfrog zombie (D:12)
  5 crimson imps
  A quasit (D:10)
  5 hounds
  6 orc priests
  3 jellies
  2 centaur skeletons
  10 orc wizards
  2 bullfrog skeletons
  Ijyb (D:5)
  2 iguanas
  7 worker ants
  A hound skeleton (D:6)
  3 howler monkey skeletons
  2 worker ant zombies
  16 adders
  11 gnolls
  5 shadow imps
  An ooze (D:3)
  2 adder zombies
  4 worms
  4 dart slugs
  5 leopard geckos
  47 orcs
  6 giant cockroaches
  6 goblins
  8 hobgoblins
  20 jackals
  11 kobolds
  2 quokkas
  5 bats
  7 frilled lizards
  A leopard gecko zombie (D:5)
  A quokka skeleton (D:5)
  A quokka zombie (D:6)
  9 rats
332 creatures vanquished.

Vanquished Creatures (others)
  A killer bee (D:12)
  7 fungi (D:11)
8 creatures vanquished.

Grand Total: 340 creatures vanquished

Notes
Turn   | Place    | Note
-------+----------+-------------------------------------------
     0 | D:1      | Dfrag the Demonspawn Fire Elementalist began the quest for the Orb.
     0 | D:1      | Reached XP level 1. HP: 13/13 MP: 3/3
   117 | D:1      | Gained mutation: You have sharp toenails. [demonic ancestry]
   117 | D:1      | Reached XP level 2. HP: 5/19 MP: 0/5
   992 | D:2      | Gained mutation: When hurt, damage is shared between your health and your magic reserves. [demonic ancestry]
   992 | D:2      | Reached XP level 3. HP: 18/24 MP: 0/6
  1173 | D:2      | Reached skill level 2 in Conjurations
  1621 | D:3      | Gained mutation: You regenerate magic rapidly. [demonic ancestry]
  1621 | D:3      | Reached XP level 4. HP: 28/30 MP: 5/8
  1666 | D:3      | Learned a level 3 spell: Conjure Flame
  1671 | D:3      | Learned a level 4 spell: Sticky Flame
  1748 | D:3      | Found a blossoming altar of Fedhas.
  2080 | D:3      | Noticed Sigmund
  2381 | D:3      | Killed Sigmund
  2381 | D:3      | Reached skill level 3 in Conjurations
  2381 | D:3      | Reached XP level 5. HP: 32/35 MP: 2/10
  2624 | D:4      | Noticed an ogre
  2626 | D:4      | Noticed an ogre
  2630 | D:3      | Killed an ogre
  2630 | D:3      | Reached XP level 6. HP: 41/41 MP: 7/11
  2744 | D:4      | Noticed Edmund
  2759 | D:3      | Killed Edmund
  2759 | D:3      | Reached skill level 4 in Conjurations
  2784 | D:4      | Reached XP level 7. HP: 46/46 MP: 6/13
  2876 | D:4      | Got a brightly glowing helmet
  2882 | D:4      | Identified the cursed +0 helmet of Romm {*Slow rPois rF+} (You found it on level 4 of the Dungeon)
  2909 | D:4      | Reached skill level 5 in Fire Magic
  3089 | D:4      | Noticed Menkaure
  3096 | D:4      | Killed Menkaure
  3172 | D:4      | Reached skill level 5 in Spellcasting
  3172 | D:4      | Reached skill level 5 in Conjurations
  3425 | D:5      | Entered Level 5 of the Dungeon
  3451 | D:5      | Gained mutation: Your flesh is cold resistant. (rC+) [demonic ancestry]
  3451 | D:5      | Reached XP level 8. HP: 44/52 MP: 6/15
  3471 | D:5      | Found a staircase to the Ecumenical Temple.
  3483 | Temple   | Entered the Ecumenical Temple
  3615 | D:5      | Found a burning altar of Makhleb.
  3615 | D:5      | Found an ancient bone altar of Kikubaaqudgha.
  3615 | D:5      | Found a hazy altar of Hepliaklqana.
  3615 | D:5      | Found a shadowy altar of Dithmenos.
  3622 | D:5      | Noticed Ijyb
  3629 | D:5      | Killed Ijyb
  3630 | D:5      | Found a sacrificial altar of Ru.
  3630 | D:5      | Found an ornate altar of the Wu Jian Council.
  3686 | D:5      | Noticed a hippogriff
  3699 | D:5      | Killed a hippogriff
  3881 | D:5      | Noticed terra52's ghost (novice DsSk)
  3897 | D:5      | Killed terra52's ghost
  3897 | D:5      | Reached skill level 6 in Conjurations
  4149 | D:5      | Noticed Prince Ribbit
  4159 | D:5      | Killed Prince Ribbit
  4293 | D:5      | Noticed Eustachio
  4310 | D:5      | Killed Eustachio
  4310 | D:5      | Reached XP level 9. HP: 27/57 MP: 4/18
  4702 | D:6      | Reached skill level 7 in Conjurations
  5046 | D:6      | Noticed Blork the orc
  5058 | D:6      | Killed Blork the orc
  5717 | D:7      | Reached skill level 8 in Conjurations
  6163 | D:7      | Found an iron altar of Okawaru.
  6288 | D:7      | Gained mutation: You are partially covered in yellow scales. (AC +2) [demonic ancestry]
  6288 | D:7      | Reached XP level 10. HP: 50/63 MP: 18/21
  6490 | D:7      | Learned a level 5 spell: Fireball
  6908 | D:8      | Found a radiant altar of Vehumet.
  6922 | D:8      | Found a white marble altar of Elyvilon.
  6957 | D:8      | Became a worshipper of Vehumet
  7066 | D:8      | Found a bloodstained altar of Trog.
  7857 | D:9      | Noticed Joseph
  7890 | D:9      | Killed Joseph
  7890 | D:9      | Reached skill level 9 in Conjurations
  8288 | D:10     | Entered Level 10 of the Dungeon
  8387 | D:10     | Reached * piety under Vehumet
  8387 | D:10     | Offered knowledge of Magic Dart by Vehumet.
  8928 | D:10     | Noticed rcreutzb's ghost (journeyman GrEE)
  8964 | D:11     | Noticed a manticore
  8969 | D:11     | Killed a manticore
  9196 | D:11     | Found a labyrinth entrance.
  9203 | Lab      | Entered a labyrinth
  9437 | Lab      | Noticed a minotaur
  9458 | Lab      | Killed a minotaur
  9458 | Lab      | Reached skill level 10 in Conjurations
  9458 | Lab      | Gained mutation: You have razor-sharp toenails. [demonic ancestry]
  9458 | Lab      | Reached XP level 11. HP: 15/68 MP: 2/24
  9460 | Lab      | Got a smoking mace {crush}
  9462 | Lab      | Identified the cursed +0 mace of Ricvir {crush, *Contam rPois Int+4} (You took it off a minotaur in a labyrinth)
  9539 | Lab      | Got a ruby-encrusted plate armour
  9539 | Lab      | Got a warped scale mail
  9593 | Lab      | Gained mutation: You are weak. (Str -2) [mutagenic glow]
  9738 | D:11     | Found Nedexzir's Jewellery Emporium.
  9741 | D:11     | Bought an uncursed ring of fire for 375 gold pieces
  9806 | D:11     | Found a staircase to the Lair.
  9868 | D:11     | Reached ** piety under Vehumet
  9868 | D:11     | Offered knowledge of Sandblast by Vehumet.
 10287 | D:11     | Found a staircase to the Orcish Mines.
 10459 | D:12     | Noticed a white ugly thing
 10468 | D:12     | Killed a white ugly thing
 10468 | D:12     | Reached skill level 10 in Fire Magic
 10717 | D:12     | Got a brightly glowing robe
 10719 | D:12     | Identified the +1 robe of Tidoyge {Str+4} (You found it on level 12 of the Dungeon)
 10787 | D:12     | Noticed a white ugly thing
 10791 | D:12     | Killed a white ugly thing
 10791 | D:12     | Reached skill level 10 in Spellcasting
 10792 | D:12     | Offered knowledge of Searing Ray by Vehumet.
 10795 | D:12     | Noticed a two-headed ogre
 10811 | D:12     | HP: 2/68 [two-headed ogre/giant club (9)]
 10817 | D:12     | Killed a two-headed ogre
 11112 | D:12     | Reached *** piety under Vehumet
 11155 | D:12     | Learned a level 5 spell: Venom Bolt
 11284 | D:12     | Noticed a centaur warrior
 11290 | D:12     | Killed a centaur warrior
 11290 | D:12     | Reached skill level 11 in Conjurations
 11560 | D:12     | Noticed a two-headed ogre
 11590 | D:12     | Noticed a sun demon
 11592 | D:12     | Killed a two-headed ogre
 11694 | D:12     | Offered knowledge of Airstrike by Vehumet.
 11694 | D:12     | Gained mutation: When low on magic, you restore magic in place of health. [demonic ancestry]
 11694 | D:12     | Reached XP level 12. HP: 46/74 MP: 15/26
 12254 | D:12     | Noticed a deep troll earth mage
 12258 | D:12     | Noticed a deep troll earth mage
 12262 | D:12     | HP: 3/74 [deep troll earth mage/blast of rock fragments (18)]
 12268 | D:12     | Killed from afar by a deep troll earth mage

Skill      XL: |  1  2  3  4  5  6  7  8  9 10 11 |
---------------+----------------------------------+-----
Fire Magic     | 3 4 5 6 8 9 10 | 10.9
Conjurations   | 2 3 4 5 6 8 10 11 | 11.5
Spellcasting   | 3 4 5 6 7 9 10 | 10.8
Dodging        | |  1.7
Stealth        | |  1.7

Action                   |  1- 3 |  4- 6 |  7- 9 | 10-12 || total
-------------------------+-------+-------+-------+-------++-------
Melee: Unarmed           |    74 |       |       |       ||    74
       Kick              |    10 |     9 |    38 |    35 ||    92
       Long sword        |       |    29 |   207 |   126 ||   362
 Cast: Flame Tongue      |    71 |    39 |   100 |    88 ||   298
       Conjure Flame     |       |     1 |       |       ||     1
       Sticky Flame      |       |     1 |    43 |    79 ||   123
       Fireball          |       |       |       |    66 ||    66
Evoke: Wand              |       |       |       |     1 ||     1
  Use: Scroll            |     2 |       |     7 |    12 ||    21
       Potion            |       |       |     3 |     2 ||     5
 Stab: Sleeping          |       |       |     6 |       ||     6
  Eat: Chunk             |     4 |     4 |    18 |    33 ||    59
       Ration            |       |       |       |     2 ||     2
Armor: Robe              |    47 |    10 |    93 |   107 ||   257
Dodge: Dodged            |    99 |    41 |   221 |   236 ||   597
       Rpst.: Long sword |       |     8 |    76 |    60 ||   144
